 Dungeon Crawl Stone Soup version 0.20.0-15-g7f486f2 (webtiles) character file.

534 Chiseanne the Magician (level 7, 39/46 HPs)
             Began as a Demonspawn Wizard on June 15, 2017.
             Quit the game on level 4 of the Dungeon.
             The game lasted 00:11:44 (5192 turns).

Chiseanne the Magician (Demonspawn Wizard)          Turns: 5192, Time: 00:11:44

Health: 39/46      AC: 11    Str:  8    XL:     7   Next: 4%
Magic:  1/15       EV: 12    Int: 21    God:
Gold:   173        SH:  0    Dex: 11    Spells: 8/17 levels left

rFire    . . .     SeeInvis .   b - +0 rapier
rCold    + . .     Gourm    .   (no shield)
rNeg     . . .     Faith    .   a - +0 robe
rPois    .         Spirit   .   p - +2 hat
rElec    .         Reflect  .   (no cloak)
rCorr    .         Harm     .   k - +0 pair of gloves
MR       .....                  c - +1 pair of boots
Stlth    +++.......             (no amulet)
Regen    0.2/turn               r - ring of protection from cold
MPRegen  0.2/turn               (no ring)

@: no status effects
A: iridescent scales 2, nightstalker 1
a: no special abilities


You were on level 4 of the Dungeon.
You were not hungry.

You visited 1 branch of the dungeon, and saw 4 of its levels.

You collected 173 gold pieces.

Inventory:

Hand Weapons
 b - a +0 rapier (weapon)
Missiles
 e - 127 stones
 g - 11 tomahawks
 i - 4 javelins of penetration (quivered)
 l - 64 arrows
 o - 33 sling bullets
Armour
 a - a +0 robe (worn)
 c - a +1 pair of boots (worn)
 k - a +0 pair of gloves (worn)
 p - a +2 hat (worn)
Jewellery
 r - a ring of protection from cold (left hand)
Scrolls
 m - a scroll of magic mapping
 u - a scroll of immolation
Potions
 j - a potion of magic {unknown}
 n - a potion of degeneration {unknown}
Comestibles
 d - 2 bread rations
 f - 5 chunks of flesh
 h - a fruit
 q - 2 meat rations
 s - a royal jelly


   Skills:
 - Level 1.7 Dodging
 - Level 1.7 Stealth
 * Level 5.7 Spellcasting
 * Level 5.2 Conjurations
   Level 1.0 Summonings
 - Level 0.8 Translocations


You had 8 spell levels left.
You knew the following spells:

 Your Spells              Type           Power        Failure   Level  Hunger
a - Magic Dart            Conj           ####         1%          1    None
b - Blink                 Tloc           N/A          11%         2    None
c - Conjure Flame         Conj/Fire      ###.....     11%         3    ##.....
d - Mephitic Cloud        Conj/Pois/Air  ##......     14%         3    ##.....


Dungeon Overview and Level Annotations

Branches:
Dungeon (4/15)
 Temple: D:4-7

Altars:
Ashenzari
Nemelex Xobeh

Annotations:
D:3 exclusion: upstairs


Innate Abilities, Weirdness & Mutations

You are mostly covered in iridescent scales. (AC +4)
You are slightly more attuned to the shadows.


Message History

The orc is heavily wounded.
Something closely misses the orc.
Something barely misses the orc.
Throwing (i - inventory. (,) - cycle):
i - 6 javelins of penetration (quivered)
Press: ? - help, Shift-Dir - straight line, f/p - orc
Aim: an orc, wielding a flail (almost dead)
You throw a javelin of penetration.
The javelin of penetration barely misses the orc. x2
Something closely misses the orc.
Throwing (i - inventory. (,) - cycle):
i - 5 javelins of penetration (quivered)
Press: ? - help, Shift-Dir - straight line, f/p - orc
Aim: an orc, wielding a flail (almost dead)
You throw a javelin of penetration.
The javelin of penetration barely misses the orc. x2
Reactivating autopickup.
You have reached level 7!
Your demonic ancestry asserts itself...
You slip into the darkness of the dungeon.
You feel a bit more experienced.
Some of the chunks of flesh in your inventory have rotted away.
Are you sure you want to abandon this character and quit the game? (Confirm with "yes".)

... ... <.. ##. # # #
#######################..
#...............@§oo.).(.
..#####################..
###


You could see 2 orcs.

Vanquished Creatures
  An ogre (D:4)
  A scorpion (D:4)
  A hound (D:4)
  7 orc wizards
  Robin (D:2)
  A gnoll (D:1)
  10 adders
  3 worms
  4 dart slugs
  2 leopard geckos
  11 orcs
  7 giant cockroaches
  5 hobgoblins
  2 jackals (D:2)
  8 kobolds
  A ball python (D:1)
  7 bats
  3 frilled lizards
  13 goblins
  A quokka skeleton (D:4)
  9 rats
98 creatures vanquished.

Notes
Turn   | Place    | Note
-------+----------+-------------------------------------------
     0 | D:1      | Chiseanne the Demonspawn Wizard began the quest for the Orb.
     0 | D:1      | Reached XP level 1. HP: 13/13 MP: 4/4
   395 | D:1      | Gained mutation: You are partially covered in iridescent scales. (AC +2) [demonic ancestry]
   395 | D:1      | Reached XP level 2. HP: 19/19 MP: 4/6
   782 | D:1      | Reached XP level 3. HP: 24/24 MP: 5/8
  1748 | D:2      | Found a shattered altar of Ashenzari.
  1788 | D:2      | Reached XP level 4. HP: 30/30 MP: 1/10
  2170 | D:2      | Noticed Robin
  2269 | D:1      | Learned a level 2 spell: Blink
  2273 | D:1      | Learned a level 3 spell: Conjure Flame
  2277 | D:1      | Learned a level 3 spell: Mephitic Cloud
  2506 | D:2      | Killed Robin
  3346 | D:3      | Reached XP level 5. HP: 35/35 MP: 6/11
  4206 | D:3      | Reached skill level 5 in Spellcasting
  4206 | D:3      | Gained mutation: You are mostly covered in iridescent scales. (AC +4) [demonic ancestry]
  4206 | D:3      | Reached XP level 6. HP: 41/41 MP: 5/13
  4654 | D:2      | Found a sparkling altar of Nemelex Xobeh.
  5037 | D:4      | Reached skill level 5 in Conjurations
  5191 | D:4      | Gained mutation: You are slightly more attuned to the shadows. [demonic ancestry]
  5191 | D:4      | Reached XP level 7. HP: 39/46 MP: 1/15
  5192 | D:4      | Quit the game

Skill      XL: |  1  2  3  4  5  6 |
---------------+-------------------+-----
Conjurations   | 2 3 4 5 |  5.2
Spellcasting   | 4 5 |  5.7
Dodging        | |  1.7
Stealth        | |  1.7
Summonings     | |  1.0
Translocations | |  0.8

Action                   |  1- 3 |  4- 6 |  7- 9 || total
-------------------------+-------+-------+-------++-------
Melee: Whip              |    23 |    12 |       ||    35
       Mace              |       |    31 |       ||    31
       Rapier            |       |     8 |       ||     8
Throw: Javelin           |       |     3 |       ||     3
 Cast: Magic Dart        |    91 |   189 |       ||   280
       Mephitic Cloud    |       |    14 |       ||    14
       Conjure Flame     |       |     1 |       ||     1
  Use: Scroll            |     4 |     4 |       ||     8
       Potion            |       |     4 |       ||     4
 Stab: Confused          |       |     1 |       ||     1
  Eat: Chunk             |     3 |    11 |       ||    14
Armor: Robe              |    23 |    27 |       ||    50
       Skin              |       |    21 |       ||    21
Dodge: Dodged            |    24 |    41 |       ||    65
